 Dungeon Crawl Stone Soup version 0.28-a0-312-gbced6e68ee (webtiles) character file.

Game seed: 2772947367902113364

73 Laan the Chopper (level 4, 0/28 HPs)
             Began as a Gargoyle Fighter on Aug 31, 2021.
             Slain by a goblin (2 damage)
             ... led by Robin
             ... on level 2 of the Dungeon.
             The game lasted 00:03:00 (2403 turns).

Laan the Chopper (Gargoyle Fighter)                 Turns: 2403, Time: 00:03:00

Health: 0/28       AC: 10    Str: 21    XL:     4   Next: 27%
Magic:  4/4        EV:  7    Int:  8    God:
Gold:   106        SH:  7    Dex:  9    Spells: 3/3 levels left

rFire   . . .      SeeInvis .   a - +0 war axe
rCold   . . .      Faith    .   c - +0 kite shield
rNeg    + . .      Spirit   .   b - +0 scale mail
rPois   ∞          Reflect  .   (no helmet)
rElec   +          Harm     .   (no cloak)
rCorr   .          Rampage  .   (no gloves)
Will    +....                   (no boots)
Stlth   ..........              (no amulet)
HPRegen 0.09/turn               f - ring of willpower
MPRegen 0.09/turn               (no ring)

@: brilliant
A: sickness immunity, AC +3, negative energy resistance 1, electricity
resistance, torment resistance 1, petrification resistance
a: no special abilities


You were on level 2 of the Dungeon.
You visited 1 branch of the dungeon, and saw 3 of its levels.

You collected 106 gold pieces.

Inventory:

Hand Weapons
 a - a +0 war axe (weapon)
Missiles
 k - 7 silver javelins (quivered)
Armour
 b - a +0 scale mail (worn)
 c - a +0 kite shield (worn)
Jewellery
 f - a ring of willpower (left hand)
Scrolls
 j - 2 scrolls of blinking {unknown}
Potions
 d - a potion of might
 g - a potion of flight {unknown}
 h - a potion of berserk rage {unknown}
 i - 2 potions of haste {unknown}


   Skills:
 - Level 3.3 Fighting
 * Level 4.0 Axes
 - Level 3.2 Armour
 - Level 3.2 Shields


You had 3 spell levels left.
You didn't know any spells.
Your spell library was empty.

Dungeon Overview and Level Annotations

Branches:
Dungeon (3/15)

Altars:

Annotations:
D:3 Robin


Innate Abilities, Weirdness & Mutations

You are immune to sickness and miasma.
Your stone body is resilient. (AC +3)
You are immune to poison.
You resist negative energy. (rN+)
You are resistant to electric shocks. (rElec)
You are resistant to unholy torment.
You are immune to petrification.


Message History

You slash the goblin!
You kill the goblin!
No target in view!
You start resting.
HP restored.
You climb downwards.
Level annotation: Robin The goblin hits you but does no damage. x2; The orc hits you with a +0 mace.
You block the goblin's attack. The goblin hits you but does no damage.
The hobgoblin hits you. The goblin hits you but does no damage.
You block the goblin's attack.
An orc comes into view. It is wielding a +0 club.
The orc hits you with a +0 mace.
There is a stone staircase leading up here.
You block the goblin's attack. The goblin hits you with a +0 dagger.
The hobgoblin hits you but does no damage.
The goblin hits you but does no damage. The orc hits you with a +0 flail!
* * * LOW HITPOINT WARNING * * *
The goblin hits you but does no damage. The orc hits you but does no damage.
You climb upwards.
There is a stone staircase leading down here.
You closely miss the goblin. You hit the orc. You hit the hobgoblin.
You closely miss the goblin. You block the goblin's attack.
The hobgoblin hits you.
* * * LOW HITPOINT WARNING * * *
The goblin hits you with a +0 club.
* * * LOW HITPOINT WARNING * * *
The orc hits you but does no damage. You block the goblin's attack.
The hobgoblin hits you but does no damage.
You closely miss the goblin. You barely miss the orc.
You hit the hobgoblin but do no damage. You closely miss the goblin.
You block the goblin's attack. The orc barely misses you.
The goblin hits you with a +0 dagger.
* * * LOW HITPOINT WARNING * * *
The hobgoblin hits you but does no damage.
The goblin hits you but does no damage. The orc hits you but does no damage.
It was a potion of brilliance.
You feel clever all of a sudden. The goblin hits you with a +0 dagger.
You die...

####.######.......##
#......#
.....>...###.....##
#.#.##.# .###.###.#
##..>## #.#.##.# .#
#.# #.# ##+##
#.#.##.# .###.###.#
#.# #.#.##.#
.........#####.#####
#.#.##.#
####.######....o...#
#......# #.#
##.#..g##.######.####
#.#
##.....g@gg.......#
#.#
#......o##.########
#.####......g...#
#......#.##.#####
######...##.#
######.# #.# #.# #.#


You could see 2 orcs, a hobgoblin and 4 goblins.

Vanquished Creatures
  An adder (D:2)
  A worm (D:2)
  A dart slug (D:2)
  5 bats
  2 endoplasms (D:2)
  4 giant cockroaches
  6 goblins
  6 hobgoblins
  2 jackals (D:2)
  7 kobolds
  2 quokkas
  5 ball pythons
  7 frilled lizards
  7 rats
56 creatures vanquished.

Vanquished Creatures (others)
  8 plants (D:2)
8 creatures vanquished.

Grand Total: 64 creatures vanquished

Notes
Turn   | Place    | Note
-------+----------+-------------------------------------------
     0 | D:1      | Laan the Gargoyle Fighter began the quest for the Orb.
     0 | D:1      | Reached XP level 1. HP: 14/14 MP: 1/1
   145 | D:1      | Reached skill level 2 in Axes
   259 | D:1      | Reached XP level 2. HP: 19/19 MP: 2/2
   681 | D:1      | Found a faded altar of an unknown god.
   903 | D:2      | Reached skill level 3 in Axes
   903 | D:2      | Reached XP level 3. HP: 22/23 MP: 3/3
  1736 | D:2      | Reached XP level 4. HP: 28/28 MP: 4/4
  2308 | D:3      | Noticed Robin
  2327 | D:2      | Reached skill level 4 in Axes
  2403 | D:2      | Slain by a goblin

Illustrated notes

Levels and vault maps discovered:
D:1:      shiori_arrival_maze, layout_loops_ring,
          chequers_ecumenical_altar_island, minmay_pentomino_r2
D:2:      layout_loops_corners, lexackson_kobold_supper
D:3:      layout_rooms, mainiacjoe_overflow_chevrons, uniq_robin

Skill      XL: |  1  2  3  4 |
---------------+-------------+-----
Axes           | 2 3 4 |  4.0
Fighting       | |  3.3
Armour         | |  3.2
Shields        | |  3.2

Action                   |  1- 3 |  4- 6 || total
-------------------------+-------+-------++-------
Melee: War axe           |   138 |    48 ||   186
  Use: Potion            |       |     1 ||     1
Armor: Scale mail        |    85 |    43 ||   128
Dodge: Dodged            |    52 |    13 ||    65
Block: Kite shield       |    54 |    39 ||    93

Table legend: (Time is in decaauts)
 A = Elapsed time spent in this place.
 B = Non-inter-level travel time spent in this place.
 C = Inter-level travel time spent in this place.
 D = Time resting spent in this place.
 E = Time spent auto-exploring this place.
 F = Levels seen in this place.
 G = Mean time per level.
                   A        B        C        D        E       F      G
               +--------+--------+--------+--------+--------+-----+--------+
         Total |   2513 |   2439 |     74 |    179 |   1796 |   3 |  837.7 |
       Dungeon |   2513 |   2439 |     74 |    179 |   1796 |   3 |  837.7 |
               +--------+--------+--------+--------+--------+-----+--------+

Top non-repeatable levels by time:
     D:2: 1478 daAuts
     D:1: 922 daAuts
     D:3: 112 daAuts
